Map: King's Cove LE

Players

nasrallah - Winner!

  • Race: Zerg Zerg
  • League: Diamond
  • Spawn Location: 5:00

Kolo

  • Race: Terran Terran
  • League: Diamond
  • Spawn Location: 11:00

VOD

Have the link to the VOD?

Description

Time

  • Played on: Feb. 11, 2019, 2:23 a.m.
  • Length: 14:31
Show
View Real Time Build Order
Export as new Build Order

nasrallah Zerg - Winner!

Build Orders: Hatch First, Muta Ling Bane 

Get SALT Encoding   

  12  0:01  Drone  
  13  0:13  Overlord  
  13  0:18  Drone  
  14  0:32  Drone x2  
  16  0:36  Drone  
  17  0:55  Hatchery  
  17  0:57  Drone  
  17  1:00  Drone  
  18  1:11  Extractor  
  18  1:16  Spawning Pool  
  16  1:19  Drone  
  16  1:22  Drone  
  18  1:28  Drone  
  19  1:40  Drone  
  20  1:50  Overlord  
  20  2:04  Queen  
  20  2:08  Queen  
  22  2:09  Zergling x2  
  22  2:10  Zergling x2  
  22  2:14  Metabolic Boost  
  26  2:16  Drone  
  26  2:18  Drone  
  26  2:22  Drone  
  29  2:35  Drone x2  
  31  2:46  Drone  
  31  2:47  Queen, Overlord  
  34  2:59  Hatchery  
  34  3:02  Drone  
  34  3:03  Drone  
  35  3:18  Drone  
  35  3:19  Drone x4  
  41  3:20  Drone x2  
  41  3:23  Overlord  
  41  3:25  Drone  
  43  3:27  Drone  
  44  3:35  Extractor  
  44  3:36  Extractor, Drone x2  
  44  3:47  Drone x3  
  44  3:48  Drone  
  47  3:49  Queen  
  47  3:51  Overlord  
  49  4:03  Evolution Chamber  
  49  4:05  Drone x3  
  49  4:06  Evolution Chamber  
  50  4:10  Overlord  
  50  4:14  Queen  
  53  4:17  Drone  
  53  4:19  Drone x2  
  53  4:21  Drone  
  53  4:23  Drone  
  57  4:27  Drone x2  
  59  4:36  Zerg Ground Armor Level 1, Zerg Melee Weapons Level 1  
  59  4:39  Drone x2  
  56  4:53  Zergling x6  
  56  4:54  Drone x6  
  62  5:02  Spine Crawler  
  61  5:07  Lair  
  61  5:13  Baneling Nest  
  60  5:26  Drone x5  
  60  5:27  Drone x5  
  65  5:37  Zergling x4  
  65  5:38  Drone  
  68  5:45  Extractor  
  68  5:46  Extractor  
  66  6:00  Drone  
  66  6:01  Drone x3  
  66  6:02  Drone x2  
  66  6:03  Zergling x2  
  73  6:04  Overlord x3  
  73  6:12  Centrifical Hooks  
  73  6:20  Hatchery  
  73  6:25  Zergling x8  
  74  6:26  Zergling x14  
  74  6:30  Spire  
  74  6:32  Zerg Melee Weapons Level 2, Zerg Ground Armor Level 2  
  82  6:34  Drone x3  
  82  6:35  Drone  
  86  6:40  Zergling x2  
  86  6:41  Zergling x6  
  86  6:42  Zergling x2  
  91  6:48  Zergling x4  
  91  6:51  Overseer  
  91  6:53  Zergling x4  
  95  6:56  Extractor  
  95  7:00  Baneling x2  
  95  7:01  Baneling x4  
  94  7:02  Baneling x7  
  94  7:03  Baneling x7  
  94  7:06  Drone  
  95  7:09  Drone x2  
  95  7:12  Overlord x3  
  97  7:29  Overlord x4  
  97  7:47  Mutalisk  
  97  7:48  Mutalisk x7  
  113  7:51  Mutalisk  
  113  7:54  Drone x6  
  113  7:56  Drone x2  
  113  7:57  Drone  
  124  8:01  Drone  
  124  8:02  Drone x3  
  128  8:11  Infestation Pit  
  128  8:12  Drone  
  128  8:16  Zergling x6  
  128  8:17  Zergling x6  
  134  8:25  Baneling x4  
  134  8:26  Baneling x12  
  134  8:27  Baneling x3  
  134  8:38  Zergling x8  
  134  8:39  Zergling x20  
  148  8:48  Overlord  
  148  8:49  Overlord  
  148  8:57  Zergling x2  
  148  8:58  Zergling x14  
  148  8:59  Zergling x4  
  147  9:21  Zergling x12  
  150  9:31  Zergling x8  
  148  9:32  Zergling x8  
  146  9:38  Zergling x2  
  146  9:42  Extractor  
  146  9:43  Hive, Extractor  
  141  9:53  Zergling x2  
  141  9:54  Zergling x16  
  150  10:01  Zergling x2  
  147  10:09  Zergling x2  
  147  10:10  Zergling x8  
  148  10:19  Zergling x2  
  148  10:20  Zergling x16  
  124  10:57  Adrenal Glands  
  124  10:59  Ultralisk Cavern  
  124  11:02  Baneling x4  
  124  11:03  Baneling x12  
  124  11:04  Baneling x7  
  117  11:29  Zerg Melee Weapons Level 3, Zerg Ground Armor Level 3  
  117  11:44  Zergling x2  
  117  11:45  Zergling x6  
  100  12:02  Chitinous Plating  
  100  12:14  Ultralisk  
  100  12:15  Ultralisk x7  
  148  12:16  Ultralisk x3  
  148  12:18  Overlord x3  
  148  12:19  Zergling x2  
  148  12:21  Hatchery  
  148  12:22  Overlord x3  
  166  12:26  Hatchery  
  165  12:36  Ultralisk x2  
  177  12:39  Overlord x2  
  177  12:46  Ultralisk  
  177  12:47  Zergling x2  
  177  12:48  Zergling x18  
  177  12:49  Zergling x12  
  199  13:04  Baneling x6  
  199  13:05  Baneling x11  
  199  13:06  Baneling x2  
  199  13:20  Anabolic Synthesis  
  197  14:31  Hatchery  
Show
View Real Time Build Order
Export as new Build Order

Kolo Terran 

Build Orders: Gas First Reaper Expand, Hellion Opening 

Get SALT Encoding   

  12  0:00  SCV  
  13  0:13  SCV  
  14  0:18  Supply Depot  
  14  0:25  SCV  
  15  0:29  Refinery  
  15  0:40  SCV  
  16  0:47  Barracks  
  16  0:52  SCV  
  17  1:04  SCV  
  18  1:16  SCV  
  19  1:34  Orbital Command  
  19  1:35  Reaper  
  20  1:49  Command Center  
  20  1:59  SCV  
  21  2:10  Barracks Reactor, Factory  
  21  2:13  SCV  
  22  2:29  Supply Depot  
  22  2:31  SCV  
  22  2:34  Refinery  
  23  2:51  SCV  
  24  2:59  Hellion x2  
  24  3:01  Orbital Command  
  24  3:03  SCV  
  29  3:09  Barracks Tech Lab  
  29  3:11  Starport  
  29  3:15  SCV  
  30  3:21  Hellion  
  30  3:22  Hellion  
  34  3:27  SCV  
  34  3:29  SCV  
  36  3:39  Barracks Tech Lab, SCV  
  37  3:42  SCV  
  38  3:50  Hellion  
  38  3:51  Hellion, SCV  
  43  4:01  Supply Depot, SCV  
  44  4:05  SCV  
  44  4:06  Liberator  
  45  4:11  Marine  
  46  4:19  Command Center  
  46  4:23  SCV  
  50  4:25  SCV  
  50  4:26  Supply Depot  
  51  4:32  Supply Depot, Marine  
  51  4:34  Stimpack  
  52  4:40  SCV  
  51  5:00  SCV  
  51  5:02  Barracks  
  51  5:03  Factory Reactor  
  51  5:06  Barracks  
  52  5:07  Engineering Bay, SCV  
  52  5:08  Engineering Bay  
  52  5:12  SCV, Refinery  
  54  5:15  Refinery  
  54  5:20  SCV  
  46  5:29  SCV  
  46  5:31  Marine  
  46  5:32  SCV  
  47  5:36  Terran Infantry Armor Level 1, Terran Infantry Weapons Level 1  
  47  5:40  Orbital Command  
  47  5:44  Starport Reactor  
  47  5:54  SCV x2  
  49  5:58  Marine x2  
  48  6:06  SCV  
  48  6:07  SCV  
  48  6:10  Marine x3  
  54  6:12  Siege Tank  
  57  6:18  SCV  
  57  6:24  Marine x2  
  57  6:25  Orbital Command  
  59  6:27  Marine  
  59  6:30  SCV  
  61  6:33  SCV  
  61  6:38  Marine x2, Armory  
  61  6:39  Medivac x2  
  68  6:41  Supply Depot, Marine  
  68  6:46  Siege Tank  
  72  6:51  SCV x2  
  72  6:52  SCV  
  75  6:54  Marine x2  
  77  7:03  SCV  
  77  7:05  Marine  
  77  7:06  Marine x2  
  81  7:12  Marine  
  81  7:13  Barracks, Supply Depot  
  81  7:14  Barracks  
  82  7:17  Factory  
  82  7:19  SCV x2  
  84  7:24  Supply Depot  
  84  7:27  Marine x4  
  84  7:29  Marine  
  88  7:30  SCV  
  88  7:31  SCV  
  88  7:33  Combat Shield  
  88  7:34  Terran Infantry Armor Level 2, Terran Infantry Weapons Level 2  
  91  7:39  SCV  
  91  7:43  SCV  
  91  7:44  Supply Depot  
  93  7:45  Marine  
  93  7:46  SCV, Marauder  
  97  7:51  Supply Depot  
  97  7:54  Missile Turret  
  97  7:56  SCV  
  98  8:01  Missile Turret  
  98  8:02  Factory Tech Lab, Missile Turret  
  98  8:03  Barracks Reactor x2  
  98  8:04  SCV x2  
  100  8:08  Missile Turret  
  100  8:12  SCV  
  101  8:15  Marine x5  
  101  8:16  Missile Turret  
  101  8:17  Siege Tank  
  101  8:19  Missile Turret  
  109  8:20  SCV  
  109  8:21  SCV  
  109  8:25  Refinery  
  111  8:27  Refinery  
  111  8:28  Supply Depot  
  111  8:31  Supply Depot  
  111  8:39  Medivac x2  
  115  8:41  Marine x3  
  115  8:46  SCV  
  117  8:52  Marine x2  
  118  8:55  Marine  
  118  8:56  Marine  
  118  8:58  SCV  
  118  8:59  Marine  
  118  9:00  Missile Turret  
  118  9:02  SCV x2  
  114  9:11  Marauder  
  107  9:21  Marine x3  
  107  9:22  Marine x2  
  107  9:23  Marine  
  105  9:31  Marine  
  105  9:32  Marine x2  
  105  9:36  SCV  
  83  9:39  Marine x4  
  83  9:42  SCV x2, Marine x2  
  85  9:49  SCV, Marine x2  
  85  9:50  Marauder  
  86  9:59  SCV x2  
  84  10:01  SCV  
  84  10:06  Missile Turret  
  84  10:11  SCV x2, Marauder  
  84  10:13  SCV, Marine x4  
  93  10:23  SCV  
  93  10:26  Marine  
  93  10:27  Marine  
  96  10:32  SCV  
  96  10:33  Marauder  
  99  10:37  Marine x4  
  98  10:54  Marauder  
  82  11:00  Marine x4  
  82  11:01  Marine x4  
  82  11:02  Terran Infantry Weapons Level 3  
  88  11:15  Marine  
  88  11:18  Marine x2  
  83  11:19  Marine x5  
  83  11:25  Marine  
  87  11:33  Terran Vehicle And Ship Armor Level 1, Marine  
  87  11:36  Marine  
  87  11:37  Orbital Command  
  89  11:41  SCV  
  90  11:51  Marauder  
  87  12:06  Marine x4  
  91  12:08  Siege Tank  
  91  12:12  Siege Tank  
  91  12:13  Marauder  
  91  12:14  Supply Depot  
  99  12:16  SCV  
  99  12:19  SCV  
  99  12:21  Supply Depot  
  101  12:25  Marine  
  101  12:26  Marine x3  
  101  12:28  Medivac  
  107  12:32  Medivac  
  107  12:34  Marauder  
  111  12:48  Marine x5  
  116  12:52  SCV  
  116  12:55  Marauder  
  119  13:00  Marine x2  
  121  13:06  SCV x3, Marine  
  121  13:07  Marine x3  
  128  13:17  Marauder  
  128  13:19  Marine x3  
  107  13:38  Marauder  
  109  13:42  Marine x3  
  109  13:43  Marine x5  
  109  13:44  Medivac x2  
  116  13:59  Marine  
  116  14:00  Marine  
  118  14:08  Marine  
  118  14:09  Marine x4  
  123  14:12  Marine  
Tags
 
Add a new tag
Caveats
  • Supply blocks, unpowered buildings, or Contaminate may cause inaccurate times.
  • Supply counts are checked every 10 seconds.